 Dungeon Crawl Stone Soup version 0.30.1-3-gfc49f6343a (webtiles) character file.

Game seed: 11185658288573828974

56210 Peloso the Tortoise (level 14, -6/133 HPs)
             Began as a Minotaur Fighter on Aug 9, 2023.
             Was a High Priest of Okawaru.
             Mangled by a skeletal warrior
             ... wielding a +2 dire flail of distortion
              (20 damage)
             ... on level 11 of the Dungeon.
             The game lasted 01:03:42 (22553 turns).

Peloso the Tortoise (Minotaur Fighter)             Turns: 22553, Time: 01:03:43

Health: -6/133     AC: 30    Str: 26    XL:     14   Next: 41%
Magic:  15/15      EV: 10    Int:  8    God:    Okawaru [*****.]
Gold:   2202       SH:  9    Dex: 15    Spells: 13/13 levels left

rFire   + . .        c - +2 falchion of the Shark {elec, Dex+2}
rCold   + + .        d - +2 buckler {AC+3}
rNeg    . . .        w - +1 plate armour
rPois   +            S - +1 hat {Int+3}
rElec   .            f - scarf {rC+ rF+}
rCorr   .            v - +1 pair of gloves
SInv    .            F - +0 pair of boots of Qemmey Hyebb {rC+ Str+3}
Will    +....        l - amulet of regeneration Stlth
                     G - ring of poison resistance
HPRegen 1.22/turn    J - +4 ring of protection
MPRegen 0.14/turn

%: no passive effects
@: lethally poisoned (-6 -> -6), about to teleport, hasted, studying Unarmed
Combat, very quick
A: horns 2, retaliatory headbutt
a: Renounce Religion, Heroism, Finesse, Duel


You were on level 11 of the Dungeon.
You worshipped Okawaru.
Okawaru was extremely pleased with you.
You visited 4 branches of the dungeon, and saw 19 of its levels.
You also visited: Ossuary and Bailey.

You collected 3031 gold pieces.
You spent 829 gold pieces at shops.

Inventory:

Hand Weapons
 a - a +4 scimitar of protection
 b - a +1 long sword of flaming
 c - the +2 falchion of the Shark (weapon) {elec, Dex+2}
   (Okawaru gifted it to you on level 3 of the Lair of Beasts)

   Dex:       It affects your dexterity (+2).
Missiles
 Q - a throwing net (quivered)
Armour
 d - a +2 buckler of protection (worn)
 f - a scarf of resistance (worn)
 v - a +1 pair of gloves (worn)
 w - a +1 plate armour (worn)
 F - the +0 pair of boots of Qemmey Hyebb (worn) {rC+ Str+3}
   (You found it on level 5 of the Dungeon)

   Str:       It affects your strength (+3).
   rC:        It protects you from cold.
 S - a +1 hat of intelligence (worn)
Jewellery
 l - an amulet of regeneration (around neck)
 r - a ring of flight
 G - a ring of poison resistance (left hand)
 J - a +4 ring of protection (right hand)
 K - a ring of protection from fire
 P - a ring of protection from fire
 R - a ring of ice
 T - the amulet of Makhleb's Approval {Spirit rCorr}
   (You found it on level 10 of the Dungeon)

   [amulet of guardian spirit]

   It causes incoming damage to be divided between your reserves of health and
   magic.
   rCorr:     It protects you from acid and corrosion.
Wands
 B - a wand of light (9)
 D - a wand of digging (3)
 O - a wand of flame (1)
Scrolls
 e - 4 scrolls of noise
 g - 2 scrolls of torment
 h - 2 scrolls of acquirement
 i - 7 scrolls of teleportation
 k - 5 scrolls of fear
 n - 3 scrolls of silence
 p - 3 scrolls of poison
 s - 3 scrolls of blinking
 x - a scroll of amnesia
 y - 2 scrolls of brand weapon
 A - 4 scrolls of fog
 C - a scroll of enchant weapon
 E - 3 scrolls of magic mapping
 H - 8 scrolls of immolation
 I - 3 scrolls of summoning
 N - a scroll of identify
Potions
 j - 4 potions of haste
 m - 2 potions of brilliance
 o - a potion of cancellation
 q - a potion of might
 t - 2 potions of lignification
 u - 6 potions of flight
 z - 10 potions of curing
 L - 2 potions of ambrosia
 M - 2 potions of invisibility {unknown}


   Skills:
 + Level 14.6 Fighting
 + Level 16.2 Long Blades
 + Level 16.4 Armour
 + Level 4.7 Dodging
 + Level 3.0 Stealth
 + Level 12.8 Shields
 + Level 2.8 Invocations
 + Level 1.8 Evocations


You had 13 spell levels left.
You didn't know any spells.
Your spell library contained the following spells:

 Spells                   Type           Power      Damage    Failure   Level
 Kiss of Death            Conj/Necr      0%         2d5       97%         1
 Necrotise                Necr           0%         1d4       97%         1
 Blink                    Tloc           0%         N/A       99%         2
 Cigotuvi's Dreadful Rot  Necr/Pois/Air  0%         N/A       99%         2
 Sublimation of Blood     Necr           0%         N/A       99%         2
 Wereblood                Tmut           0%         N/A       99%         2
 Confusing Touch          Hex            0%         N/A       100%        3
 Dazzling Flash           Conj/Hex       0%         N/A       100%        3
 Mephitic Cloud           Conj/Pois/Air  0%         N/A       100%        3
 Ozocubu's Armour         Ice            0%         N/A       100%        3
 Portal Projectile        Hex/Tloc       0%         N/A       100%        3
 Vampiric Draining        Necr           0%         2d6       100%        3
 Volatile Blastmotes      Fire/Tloc      0%         2d10      100%        3
 Dispel Undead            Necr           0%         3d6       100%        4
 Fulminant Prism          Conj/Hex       0%         3d5       100%        4
 Iskenderun's Mystic Bla  Conj/Tloc      0%         2d3       100%        4
 Leda's Liquefaction      Hex/Erth       0%         N/A       100%        4
 Manifold Assault         Tloc           0%         N/A       100%        4
 Agony                    Necr           0%         N/A       100%        5
 Lee's Rapid Deconstruct  Erth           0%         3d4*      100%        5
 Silence                  Hex/Air        0%         N/A       100%        5
 Storm Form               Tmut/Air       0%         N/A       100%        7
 Summon Small Mammal      Summ           Unusable   N/A       N/A         1
 Call Canine Familiar     Summ           Unusable   N/A       N/A         3
 Summon Guardian Golem    Hex/Summ       Unusable   N/A       N/A         3
 Death Channel            Necr           Unusable   N/A       N/A         6
 Simulacrum               Ice/Necr       Unusable   N/A       N/A         6
 Summon Hydra             Summ           Unusable   N/A       N/A         7

Dungeon Overview and Level Annotations

Branches:
Dungeon (12/15)            Temple (1/1) D:7            Lair (4/5) D:9
 Shoals (0/4) Lair:3        Snake (0/4) Lair:3        Slime (0/5) Lair:4
    Orc (2/2) D:12            Elf (0/3) Orc:2       Ossuary (visited)
 Bailey (visited)

Altars:
Ashenzari
Cheibriados
Dithmenos
Elyvilon
Fedhas
Gozag
Hepliaklqana
Kikubaaqudgha
Makhleb
Nemelex Xobeh
Okawaru
Qazlal
Ru
Sif Muna
Trog
Uskayaw
Vehumet
Wu Jian
Xom
Yredelemnul
Zin
The Shining One
Jiyva

Shops:
D:5 *[[(   D:6 [   Orc:2 [[(?

Portals:
Abyss: D:11

Annotations:
D:11 1 transporter, Plommelars's ghost, journeyman HOFi
Lair:1 Casa
Lair:2 3 runed translucent doors, jaiteiro's ghost, journeyman NaEE
Lair:4 1 runed translucent door, kalagan's ghost, journeyman DECj
Orc:2 2 runed translucent doors, GeoRichter's ghost, journeyman SpHs


Innate Abilities, Weirdness & Mutations

You have a pair of horns on your head.
You reflexively headbutt those who attack you in melee.


Message History

You block Plommelars's ghost's attack.
The skeletal warrior hits you with a +2 dire flail of distortion!
Space warps horribly around you!
Unknown command.
You hit Plommelars's ghost but do no damage.
Plommelars's ghost is severely damaged.
Plommelars's ghost hits you. The toenail golem barely misses you.
The skeletal warrior hits you but does no damage.
Space warps horribly around you!
You hit Plommelars's ghost.
Plommelars's ghost is severely damaged.
You block the large abomination's attack.
You hit Plommelars's ghost but do no damage.
You headbutt Plommelars's ghost, but do no damage.
Plommelars's ghost is severely damaged.
You block the toenail golem's attack. You block Plommelars's ghost's attack.
The skeletal warrior hits you with a +2 dire flail of distortion!
Space warps horribly around you!
You block the large abomination's attack.
As you read the scroll of teleportation, it crumbles to dust.
You feel strangely unstable.
Plommelars's ghost hits you but does no damage.
You are poisoned.
The toenail golem hits you but does no damage.
The skeletal warrior hits you with a +2 dire flail of distortion!
* * * LOW HITPOINT WARNING * * *
Space warps horribly around you.
* * * LOW HITPOINT WARNING * * *
You block the orange demon's attack.
You slash Plommelars's ghost!
Plommelars's ghost is severely damaged.
You feel sick. The large abomination hits you!
* * * LOW HITPOINT WARNING * * *
Unknown command.
You feel yourself speed up.
You feel sick.
The toenail golem hits you but does no damage.
You block Plommelars's ghost's attack.
The skeletal warrior hits you but does no damage.
Space warps horribly around you!!
You die...

................(#############
.............................#
...........................#.#
##........###.......####...#.#
##...#..##.###...###..#...#.#
#..(#..#....#..##..###...#.#
####.##..##.#.####.#. #....#.#
....#.#...##...X...#.:##...#.#
####.##....##.##@9####.##..#.#
###.........#.^Wz$4.^#.l#©.#.#
..........###...###..#.##..#.#
..#......##)..###.##..##...#.#
#........###)##(...#..##...#.####
###......#..##...###.#:##.......#
#......##∩##..##..###.#..####..
#.......#..#..#(.#.4.##..##....
#...#...#©##..##..####...##..>.


You could see a skeletal warrior, a toenail golem, an orange demon, a large
abomination and Plommelars's ghost.

Vanquished Creatures
  Gastronok (Lair:3)
  An orc warlord (Orc:1)
  2 minotaurs (D:11)
  A hydra (Lair:3)
  Fannar (Lair:1)
  A rakshasa (D:11)
  An ogre mage (D:10)
  3 boulder beetles
  2 orc high priests
  A tengu warrior (D:10)
  The ghost of LavenderCorpse the Cleaver, a novice DsFi of Uskayaw (D:10)
  5 two-headed ogres
  4 death yaks (D:11)
  A skyshark (Lair:3)
  Lodul (D:10)
  Pikel (D:4)
  An orc sorcerer (Orc:2)
  4 orc knights
  2 cyclopes
  The ghost of aeroqp the Geomancer, a novice FoEE (D:5)
  A manticore (D:12)
  6 elephants (Lair:2)
  3 black mambas
  3 unseen horrors
  A gargoyle (D:10)
  A kobold demonologist (Bailey)
  A rime drake (Lair:1)
  Maggie (D:6)
  8 cane toads
  4 komodo dragons
  9 yaktaurs (D:11)
  9 trolls
  Grinder (D:4)
  A polar bear (Lair:2)
  3 blink frogs
  2 dream sheep (D:7)
  A snapping turtle (Lair:3)
  3 slime creatures (D:12)
  Sigmund (D:2)
  3 shadows
  2 wyverns
  A wraith (D:10)
  28 yaks
  Eustachio (D:6)
  3 basilisks
  7 vampire mosquitoes (D:12)
  Menkaure (D:5)
  A steam dragon (D:7)
  3 wargs (Orc:2)
  4 nagas (Lair:3)
  Edmund (D:6)
  An acid dragon (D:10)
  4 water moccasins
  2 black bears
  2 swamp drakes (D:12)
  41 orc warriors
  Duvessa (D:6)
  A sky beast (D:6)
  3 ice beasts
  15 wolves
  15 ogres
  5 centaurs
  3 lemures (D:4)
  A phantom (D:4)
  4 kobold brigands
  22 bullfrogs
  3 gnoll sergeants
  2 wyvern zombies (Ossuary)
  7 scorpions
  A water moccasin zombie (Ossuary)
  4 wights
  Dowan (D:6)
  6 killer bees (D:10)
  9 electric eels
  A howler monkey (D:10)
  The ghost of Anriel the Firebug, a weakling DEFE (D:3)
  5 bullfrog zombies (Ossuary)
  2 gnoll boudas
  3 jellies
  Crazy Yiuf (D:2)
  3 centaur zombies (Ossuary)
  20 orc priests
  4 hounds
  13 mummies (Ossuary)
  2 iguanas
  4 sleepcaps
  26 orc wizards
  A killer bee zombie (Ossuary)
  4 howler monkey zombies (Ossuary)
  25 gnolls
  12 adders
  A shadow imp (D:6)
  A white imp (D:5)
  An ufetubus (D:4)
  7 worms
  A dart slug (D:4)
  113 orcs
  7 endoplasms
  3 giant cockroaches
  13 goblins
  11 hobgoblins
  4 jackals
  2 quokkas
  7 ball pythons
  10 bats
  8 frilled lizards
  23 kobolds
  2 rats (D:1)
643 creatures vanquished.

Notes
Turn   | Place    | Note
-------+----------+-------------------------------------------
     0 | D:1      | Peloso the Minotaur Fighter began the quest for the Orb.
     0 | D:1      | Reached XP level 1. HP: 19/19 MP: 0/0
   165 | D:1      | Reached XP level 2. HP: 26/27 MP: 1/1
   788 | D:1      | Reached XP level 3. HP: 29/33 MP: 2/2
  1366 | D:2      | Noticed Sigmund
  1379 | D:2      | Reached skill level 1 in Dodging
  1379 | D:2      | Reached XP level 4. HP: 35/40 MP: 3/3
  1515 | D:2      | Killed Sigmund
  1516 | D:2      | Reached skill level 5 in Armour
  1516 | D:2      | Reached XP level 5. HP: 47/47 MP: 4/4
  1541 | D:2      | Found a runed translucent door.
  1542 | D:2      | Noticed Crazy Yiuf
  2054 | D:3      | Found a runed translucent gate.
  2055 | D:3      | Found a runed translucent gate.
  2055 | D:3      | Noticed Anriel's ghost (weakling DEFE)
  2056 | D:3      | Found a runed translucent gate.
  2186 | D:3      | Got the Atlas of White Bombardment
  2253 | D:3      | You fall into a shaft and drop 3 floors!
  2260 | D:6      | Noticed Maggie
  2273 | D:6      | Killed Maggie
  2274 | D:6      | Reached XP level 6. HP: 49/55 MP: 5/5
  2274 | D:6      | Reached XP level 7. HP: 53/60 MP: 6/6
  2299 | D:6      | Noticed Eustachio
  2361 | D:6      | Killed Eustachio
  2362 | D:6      | Reached skill level 5 in Fighting
  2396 | D:6      | Reached skill level 5 in Shields
  2466 | D:6      | Found a sacrificial altar of Ru.
  2548 | D:6      | Noticed Edmund
  2566 | D:6      | Killed Edmund
  2597 | D:6      | Found Keff's Armour Emporium.
  2689 | D:5      | Entered Level 5 of the Dungeon
  2694 | D:5      | Reached XP level 8. HP: 64/66 MP: 7/7
  3049 | D:6      | Found a broken altar of Ashenzari.
  3137 | D:6      | Noticed Duvessa
  3137 | D:6      | Noticed Dowan
  3149 | D:6      | Killed Duvessa
  3155 | D:6      | Killed Dowan
  3313 | D:5      | Found Tepykops's Assorted Antiques.
  3320 | D:5      | Bought a scroll labelled MUXARY OQAPPONG for 26 gold pieces
  3320 | D:5      | Bought a scroll labelled QUKHLU OPIZUOB for 26 gold pieces
  3320 | D:5      | Bought a scroll labelled RUUSUTSETHRY for 26 gold pieces
  3372 | D:4      | Found a sand-covered staircase.
  3429 | Ossuary  | Entered an ossuary
  3686 | Ossuary  | Reached XP level 9. HP: 78/78 MP: 8/8
  4195 | D:4      | Noticed Grinder
  4212 | D:4      | Killed Grinder
  4267 | D:4      | Noticed Pikel
  4434 | D:4      | Reached skill level 10 in Long Blades
  4584 | D:4      | Killed Pikel
  4585 | D:4      | Reached skill level 1 in Stealth
  4848 | D:4      | Found a burning altar of Makhleb.
  5011 | D:5      | Found a large runed translucent door.
  5011 | D:5      | Found a large runed translucent door.
  5022 | D:5      | Noticed aeroqp's ghost (novice FoEE)
  5027 | D:5      | Found Malam's Antique Weapon Emporium.
  5031 | D:5      | Found Puehen's Armour Shoppe.
  5210 | D:5      | Noticed Menkaure
  5217 | D:5      | Killed Menkaure
  5311 | D:5      | Found Isihukkeff's Antique Armour Boutique.
  5349 | D:5      | Identified the +0 pair of boots of Qemmey Hyebb {rC+ Str+3}
  6073 | D:7      | Found a staircase to the Ecumenical Temple.
  6146 | Temple   | Entered the Ecumenical Temple
  6240 | Temple   | Became a worshipper of Warmaster Okawaru
  6424 | D:7      | Reached XP level 10. HP: 90/90 MP: 9/9
  6698 | D:7      | Found a hazy altar of Hepliaklqana.
  6939 | D:8      | Identified a scroll of acquirement
  7073 | D:8      | Reached * piety under Okawaru
  7096 | D:8      | Found a flagged portal.
  7116 | Bailey   | Entered a bailey
  7511 | Bailey   | Noticed an orange demon
  7515 | Bailey   | Reached skill level 10 in Armour
  7521 | Bailey   | Found an iron altar of Okawaru.
  7522 | Bailey   | Noticed an orc high priest
  7537 | Bailey   | Killed an orc high priest
  7996 | Bailey   | Noticed an orc knight
  8005 | Bailey   | Killed an orc knight
  8005 | Bailey   | Reached ** piety under Okawaru
  8160 | Bailey   | Acquired 759 gold pieces
  8317 | D:8      | Noticed a two-headed ogre
  8326 | D:8      | Killed a two-headed ogre
  8571 | D:8      | Reached XP level 11. HP: 93/99 MP: 10/10
  8963 | D:5      | Bought a runed long sword for 188 gold pieces
  8966 | D:5      | Bought a glowing scimitar for 203 gold pieces
  9209 | D:9      | Noticed a two-headed ogre
  9221 | D:9      | Killed a two-headed ogre
  9221 | D:9      | Reached *** piety under Okawaru
  9234 | D:9      | Noticed a two-headed ogre
  9240 | D:9      | Killed a two-headed ogre
  9241 | D:9      | Reached skill level 10 in Fighting
  9632 | D:9      | Found a staircase to the Lair.
  9700 | D:9      | Found a sparkling altar of Nemelex Xobeh.
 10114 | D:9      | Noticed a two-headed ogre
 10125 | D:9      | Killed a two-headed ogre
 10510 | D:10     | Entered Level 10 of the Dungeon
 10511 | D:10     | Noticed a two-headed ogre
 10520 | D:10     | Killed a two-headed ogre
 10520 | D:10     | Reached **** piety under Okawaru
 10714 | D:10     | Found a transporter.
 10723 | D:10     | Noticed a tengu warrior
 10731 | D:10     | Found a transporter.
 10789 | D:10     | Reached skill level 1 in Invocations
 10825 | D:10     | Noticed Lodul
 10868 | D:10     | Killed Lodul
 10872 | D:10     | Noticed an ogre mage
 10970 | D:10     | Reached ***** piety under Okawaru
 11069 | D:10     | Noticed LavenderCorpse's ghost (novice DsFi)
 11314 | D:11     | Noticed a boulder beetle
 11349 | D:11     | Reached XP level 12. HP: 53/110 MP: 12/12
 11451 | D:11     | Found a one-way gate to the infinite horrors of the Abyss.
 11451 | D:11     | Noticed Plommelars's ghost (journeyman HOFi)
 11462 | D:11     | Noticed a rakshasa
 11478 | D:11     | Found a transporter.
 11655 | D:11     | Noticed a death yak
 11655 | D:11     | Noticed a death yak
 11930 | D:11     | Killed a boulder beetle
 12146 | Lair:1   | Entered Level 1 of the Lair of Beasts
 12503 | Lair:1   | Noticed a boulder beetle
 12548 | Lair:1   | Noticed Fannar
 12552 | Lair:1   | Killed a boulder beetle
 12552 | Lair:1   | Received a gift from Okawaru
 12567 | Lair:1   | Killed Fannar
 12897 | Lair:1   | Reached skill level 15 in Long Blades
 13580 | D:11     | Reached skill level 1 in Evocations
 13671 | D:11     | Killed a death yak
 13686 | D:11     | Killed a death yak
 13778 | D:11     | Identified the staff of air "Oduuheom" {rElec rPois rN+}
 13792 | D:11     | Noticed a minotaur
 13792 | D:11     | Noticed a death yak
 13797 | D:11     | Noticed a death yak
 13801 | D:11     | Killed a death yak
 13811 | D:11     | Killed a minotaur
 13815 | D:11     | Killed a death yak
 13889 | D:11     | Noticed a minotaur
 13905 | D:11     | Killed a minotaur
 13936 | D:11     | Reached XP level 13. HP: 61/119 MP: 11/13
 14471 | D:12     | Received a gift from Okawaru
 14535 | D:12     | Found a staircase to the Orcish Mines.
 14636 | D:12     | Reached skill level 10 in Shields
 15132 | D:12     | Reached skill level 15 in Armour
 15338 | Orc:1    | Entered Level 1 of the Orcish Mines
 15574 | Orc:1    | Found a shimmering blue altar of Sif Muna.
 15929 | Orc:2    | Entered Level 2 of the Orcish Mines
 15929 | Orc:2    | Found a staircase to the Elven Halls.
 16561 | Orc:2    | Noticed an orc warlord
 16640 | Orc:1    | Killed an orc warlord
 17473 | Orc:2    | Found Baij Sog's Armour Shop.
 17548 | Orc:2    | Found Noaziax's Magic Scroll Shoppe.
 17577 | Orc:2    | Bought a scroll of blinking for 120 gold pieces
 17577 | Orc:2    | Bought 2 scrolls of magic mapping for 240 gold pieces
 17722 | Orc:2    | Found a large runed translucent door.
 17722 | Orc:2    | Found a large runed translucent door.
 17759 | Orc:2    | Noticed GeoRichter's ghost (journeyman SpHs)
 17892 | Orc:2    | Found Esmi's Antique Armour Boutique.
 17899 | Orc:2    | Found Aledgheis's Antique Weapon Shop.
 18473 | Lair:2   | Found a runed translucent gate.
 18473 | Lair:2   | Found a runed translucent gate.
 18473 | Lair:2   | Found a runed translucent gate.
 18474 | Lair:2   | Found a viscous altar of Jiyva.
 18474 | Lair:2   | Noticed jaiteiro's ghost (journeyman NaEE)
 19678 | Lair:3   | Found a staircase to the Shoals.
 19700 | Lair:3   | Found an opulent altar of Gozag.
 19788 | Lair:3   | Noticed Gastronok
 19808 | Lair:3   | Killed Gastronok
 19809 | Lair:3   | Reached XP level 14. HP: 110/132 MP: 12/14
 19938 | Lair:3   | Found a staircase to the Snake Pit.
 20333 | Lair:4   | Found a staircase to the Slime Pits.
 20407 | Lair:3   | Identified the +2 falchion of the Shark {elec, Dex+2}
                  | (Okawaru gifted it to you on level 3 of the Lair of Beasts)
 20407 | Lair:3   | Received a gift from Okawaru
 20598 | Lair:4   | Found a runed translucent door.
 20599 | Lair:4   | Noticed kalagan's ghost (journeyman DECj)
 21699 | D:2      | Killed Crazy Yiuf
 21816 | D:3      | Killed Anriel's ghost
 21950 | D:5      | Killed aeroqp's ghost
 22296 | D:10     | Killed LavenderCorpse's ghost
 22364 | D:10     | Identified the amulet of Makhleb's Approval {Spirit rCorr}
 22510 | D:11     | Found a transporter.
 22535 | D:11     | Identified the +5 scimitar of the Eternal Void {flame,
                  | rElec rN+ MP-9 Str+3} (Okawaru gifted it to you on level 11
                  | of the Dungeon)
 22535 | D:11     | Received a gift from Okawaru
 22553 | D:11     | Mangled by a skeletal warrior

Illustrated notes

Levels and vault maps discovered:
D:1:      dpeg_arrival_long_road, layout_loops_ring, minmay_shallow_snake_nest
D:2:      layout_loops_ring, uniq_sigmund, uniq_crazy_yiuf_cottage
D:3:      layout_rooms, biasface_ghost_orc_armoury
D:4:      layout_basic, lemuel_coloured_pillars_altar, enter_ossuary_1,
          uniq_grinder, uniq_pikel
D:5:      layout_loops_ring, serial_shops, shop, nicolae_shop_advertising_works
          [nicolae_subvault_shop_adworks], nicolae_diamond_shop,
          nicolae_shop_back_alley_shop, ebering_ghost_disaster_area,
          nicolae_wormholes, uniq_menkaure
D:6:      layout_basic, nicolae_ru_awakened_eye, cheibrodos_ashenzari_chains,
          serial_shops, nicolae_shop_just_a_little_nook, uniq_eustachio,
          uniq_duvessa, uniq_maggie, uniq_edmund
D:7:      layout_basic, mainiacjoe_overflow_24_doors, temple_hall
D:8:      layout_gridville, enter_bailey_5, st_stairs_6,
          dreamdust_gnoll_shepherd
D:9:      layout_layer_cave, nemelex_spade_bored_becter,
          grunt_lair_entry_orc_guard_hut, minmay_starry_boxes
D:10:     layout_rooms, nzn_ghost_randoct, uniq_lodul
D:11:     fort_yaktaur, layout_loops_cross, gammafunk_ghost_abyssal_escape
D:12:     layout_loops_ring, minmay_orc_entry_temple_large, pond
Temple:   minmay_temple_bridge_d
Lair:1:   layout_gridlike, uniq_fannar
Lair:2:   layout_cave_pods, gammafunk_ghost_ooze, columned_hall_lemuel,
          serial_bayou_shore_b
Lair:3:   layout_chaotic_city, minmay_shoals_entry_hut,
          minmay_snake_entry_guardpost_medium, basic_altar, lemuel_fruit_tree,
          uniq_gastronok
Lair:4:   layout_roguey, nicolae_slime_entry_slimehenge,
          ebering_ghost_inner_flame, hibernation_bobbens
Orc:1:    layout_diamond_mine, kennysheep_orc_sif_temple
Orc:2:    grunt_orc_community_town_hall, layout_caves,
          grunt_orc_community_big_house_2, grunt_orc_community_big_house_2,
          grunt_orc_community_house_2, grunt_orc_community_house_1,
          grunt_orc_community_house_2, grunt_orc_community_house_3,
          grunt_orc_community_house_1, grunt_orc_community_house_2,
          ebering_ghost_disaster_area, mines_bat_river

Skill      XL: |  1  2  3  4  5  6  7  8  9 10 11 12 13 14 |
---------------+-------------------------------------------+-----
Shields        | 4 5 6 7 8 9 11 12 | 12.8
Fighting       | 4 5 6 8 9 11 12 14 | 14.6
Long Blades    | 3 4 6 7 9 11 12 14 15 16 | 16.2
Armour         | 4 5 7 8 9 11 12 14 16 | 16.4
Dodging        | 1 2 3 4 |  4.7
Stealth        | 1 3 |  3.0
Invocations    | 1 2 |  2.8
Evocations     | 1 |  1.8

Action                     |  1- 3 |  4- 6 |  7- 9 | 10-12 | 13-15 || total
---------------------------+-------+-------+-------+-------+-------++-------
  Melee: Long sword        |    91 |    42 |   436 |   785 |   875 ||  2229
         Headbutt          |     6 |     5 |    86 |   168 |   295 ||   560
         Falchion          |       |       |       |       |   256 ||   256
 Invoke: Heroism           |       |       |       |    16 |    15 ||    31
  Evoke: Wand              |       |       |       |    13 |       ||    13
    Use: Scroll            |     1 |       |    13 |    10 |     8 ||    32
         Potion            |       |     1 |     2 |     4 |     2 ||     9
   Stab: Invisible         |       |       |       |     5 |       ||     5
 Armour: Scale mail        |    48 |    12 |       |       |       ||    60
         Plate armour      |       |    13 |   218 |   328 |   621 ||  1180
  Dodge: Dodged            |    67 |    26 |   114 |   257 |   385 ||   849
  Block: Buckler           |    27 |     9 |   115 |   209 |   493 ||   853
